 Dungeon Crawl Stone Soup version 0.26-a0-642-g67e99244d3 (webtiles) character file.

Game seed: 14320732126196397831

32 Descartes the Sneak (level 3, 0/17 HPs)
             Began as a Felid Delver on Sept 21, 2020.
             Slain by an adder (2 damage)
             ... on level 5 of the Dungeon.
             The game lasted 00:01:29 (395 turns).

Descartes the Sneak (Felid Delver)                   Turns: 395, Time: 00:01:29

Health: 0/17       AC:  1    Str:  9    XL:     3   Next: 10%
Magic:  4/4        EV: 18    Int: 11    God:
Gold:   0          SH:  0    Dex: 17    Spells: 2/2 levels left
                                        Lives:  0   Deaths: 0

rFire    . . .     SeeInvis +     - Unarmed
rCold    . . .     Faith    .   (shield unavailable)
rNeg     . . .     Spirit   .   (armour unavailable)
rPois    .         Reflect  .   (helmet unavailable)
rElec    .         Harm     .   (cloak unavailable)
rCorr    .         Rampage  .   (gloves unavailable)
MR       .....                  (boots unavailable)
Stlth    ++++......             (no amulet)
HPRegen  0.05/turn              (no ring)
MPRegen  0.09/turn              (no ring)

@: quick
A: very small, no armour, no weapons or thrown items, stealth, claws 1, fangs 3,
see invisible, speed 1, shaggy fur 1, sharp paws
a: no special abilities


You were on level 5 of the Dungeon.
You visited 1 branch of the dungeon, and saw 3 of its levels.

Inventory:

Wands
 e - a wand of digging (3)
Scrolls
 b - a scroll of magic mapping
 c - a scroll of fear
 f - a scroll of identify {unknown}
Potions
 d - a potion of haste
 g - a potion of curing {unknown}
 h - a potion of cancellation {unknown}


   Skills:
 - Level 3.2 Fighting
 + Level 2.8 Dodging
 + Level 7.6 Stealth
 - Level 2.1 Unarmed Combat


You had 2 spell levels left.
You didn't know any spells.
Your spell library was empty.

Dungeon Overview and Level Annotations

Branches:
Dungeon (5/15)
 Temple: D:4-7

Altars:


Innate Abilities, Weirdness & Mutations

You cannot wear armour.
You are incapable of wielding weapons or throwing items.
Your paws allow you to move quietly. (Stealth)
You have sharp claws.
You have razor-sharp teeth.
You have supernaturally acute eyesight. (SInv)
You cover ground quickly.
You are covered in fur. (AC +1)
Your sharp claws are effective at attacking unaware monsters.


Message History

You can't go up here!
The adder misses you. The rat closely misses you.
You climb downwards.
There is a stone staircase leading up here.
You barely miss the adder. The adder completely misses you.
You scratch the adder.
The adder is heavily wounded.
The adder closely misses you. x2
You closely miss the adder.
The adder is heavily wounded.
The adder bites you.
* * * LOW HITPOINT WARNING * * *
You scratch the adder.
The adder is heavily wounded.
The adder bites you.
* * * LOW HITPOINT WARNING * * *
You scratch the adder.
The adder is severely wounded.
The adder bites you.
You die...

#..#..#.####.#
#..#..#......#
#..###########
#.........
##.####### #.#
#r# #S# #@#
###


You could see an adder and a rat.

Vanquished Creatures
  A centaur zombie (D:5)
  A ball python (D:5)
  A hobgoblin (D:3)
3 creatures vanquished.

Vanquished Creatures (others)
  16 plants (D:5)
16 creatures vanquished.

Grand Total: 19 creatures vanquished

Notes
Turn   | Place    | Note
-------+----------+-------------------------------------------
     0 | D:5      | Descartes the Felid Delver began the quest for the Orb.
     0 | D:5      | Reached XP level 1. HP: 10/10 MP: 2/2
    70 | D:5      | Reached skill level 7 in Stealth
    70 | D:5      | Reached XP level 2. HP: 9/14 MP: 3/3
    70 | D:5      | Reached XP level 3. HP: 11/17 MP: 4/4
   191 | D:4      | Noticed a phantom
   395 | D:5      | Slain by an adder

Illustrated notes

Levels and vault maps discovered:
D:3:      layout_rooms, nicolae_overflow_hidden_temple,
          chequers_ecumenical_altar_simple_redux, chequers_serial_rivers_large_a
D:4:      layout_basic, serial_curves, eino_curves_01, eino_curves_04,
          gammafunk_ghost_smash
D:5:      layout_basic, minmay_temple_entry_oklob, serial_rivers,
          chequers_serial_rivers_micro_d, chequers_serial_rivers_micro_a,
          chequers_serial_rivers_marsh, chequers_serial_rivers_small_3,
          chequers_serial_rivers_marsh, chequers_serial_rivers_small_b,
          uniq_eustachio, uniq_ijyb, uniq_pikel

Skill      XL: |  1 |
---------------+----+-----
Stealth        | 7 |  7.6
Fighting       | |  3.2
Dodging        | |  2.8
Unarmed Combat | |  2.1

Action                   || total
-------------------------++-------
Melee: Unarmed           ||    29
       Bite              ||     4
       Punch             ||     1
  Use: Scroll            ||     1
 Stab: Sleeping          ||     2
Armor: Skin              ||     3
Dodge: Dodged            ||    46

Table legend: (Time is in decaauts)
 A = Elapsed time spent in this place.
 B = Non-inter-level travel time spent in this place.
 C = Inter-level travel time spent in this place.
 D = Time resting spent in this place.
 E = Time spent auto-exploring this place.
 F = Levels seen in this place.
 G = Mean time per level.
                   A        B        C        D        E       F      G
               +--------+--------+--------+--------+--------+-----+--------+
         Total |    363 |    346 |     17 |     97 |    161 |   3 |  121.0 |
       Dungeon |    363 |    346 |     17 |     97 |    161 |   3 |  121.0 |
               +--------+--------+--------+--------+--------+-----+--------+

Top non-repeatable levels by time:
     D:5: 303 daAuts
     D:4: 38 daAuts
     D:3: 22 daAuts
